 Dungeon Crawl Stone Soup version 0.28-a0-691-gad6df49e81 (webtiles) character file.

Game seed: 8689818624911592374

0 Antediluvian the Sneak (level 1, -7/18 HPs)
             Began as a Formicid Delver on Oct 20, 2021.
             Mangled by a wight (15 damage)
             ... on level 4 of the Dungeon.
             The game lasted 00:01:01 (124 turns).

Antediluvian the Sneak (Formicid Delver)             Turns: 124, Time: 00:01:01

Health: -7/18      AC:  3    Str: 16    XL:     1   Next: 11%
Magic:  1/1        EV: 11    Int:  9    God:
Gold:   34         SH:  0    Dex: 12    Spells: 0/0 levels left

rFire   . . .      SeeInvis +   a - +0 mace
rCold   . . .      Faith    .   (no shield)
rNeg    . . .      Spirit   .   b - +0 leather armour
rPois   .          Reflect  .   (helmet unavailable)
rElec   .          Harm     .   (no cloak)
rCorr   .          Rampage  .   (no gloves)
Will    .....                   (no boots)
Stlth   +++.......              (no amulet)
HPRegen 0.06/turn               (no ring)
MPRegen 0.07/turn               (no ring)

@: no status effects
A: permanent stasis, dig shafts and tunnels, antennae 3, four strong arms
a: Dig, Shaft Self


You were on level 4 of the Dungeon.
You visited 1 branch of the dungeon, and saw 2 of its levels.

You collected 34 gold pieces.

Inventory:

Hand Weapons
 a - a +0 mace (weapon)
Armour
 b - a +0 leather armour (worn)
Wands
 f - a wand of digging (3)
Scrolls
 c - a scroll of fog
 d - a scroll of magic mapping
 e - a scroll of fear
 g - a scroll of noise {unknown}


   Skills:
 + Level 3.3 Fighting
 + Level 2.0 Maces & Flails
 + Level 0.0 Armour
 - Level 1.7 Dodging
 - Level 6.0 Stealth


You couldn't memorise any spells.
You didn't know any spells.
Your spell library was empty.

Dungeon Overview and Level Annotations

Branches:
Dungeon (5/15)
 Temple: D:4-7

Altars:


Innate Abilities, Weirdness & Mutations

You cannot be hasted, slowed, berserked, paralysed or teleported.
You can dig through walls and to a lower floor.
You have a pair of large antennae on your head. (SInv)
Your four strong arms can wield two-handed weapons with a shield.


Message History

You hear a splashing noise.
You open the door.
An adder comes into view.
An orc comes into view. It is wielding a +0 flail.
There is an open door here.
There is an open door here.
You open the door.
There is an open door here.
A ball python and an orc come into view.
Found an escape hatch in the floor.
There are monsters nearby!
You hear the slow hiss of an avalanche of sand very nearby.
The ball python bites you. The ball python barely misses you.
The ball python bites you. The ball python grabs you.
The ball python constricts you.
You escape the ball python's grasp.
A hobgoblin and 2 wights come into view.
You open the door. The ball python closely misses you. x2
Found two escape hatches in the floor.
You barely miss the ball python. The ball python barely misses you.
The ball python misses you.
You closely miss the ball python. The ball python misses you.
The ball python grabs you. The ball python constricts you.
The ball python barely misses you. The ball python constricts you.
You hit the ball python but do no damage.
The ball python bites you. The ball python constricts you.
The ball python bites you but does no damage.
The ball python constricts you.
You completely miss the ball python. The ball python bites you.
The ball python constricts you.
You hit the ball python.
You kill the ball python!
There is an open door here.
There is an escape hatch in the floor here.
Found an escape hatch in the floor.
You extend your mandibles.
You can't dig through that.
The wight hits you with a +1 mace!
Ouch! That really hurt!
You die...

≈Po.P# #.# P...# ### #.#
##### #.. ... ## ##+ ##
#.# #.# .#...# .##
#>###.# .#.>.# ..##
#..##.# .#...#
...####...#.############
...'..........##...#...#
...####...#.####@z.#.>.#
..## #....#...#...# .#
.## #...###..'#### ##
#.##.#.###.# # #P.. ...
.# ♣≈≈≈≈≈♣≈≈ ..
≈≈.≈≈.≈≈o ### ≈≈≈≈ ≈.
≈≈z ≈≈≈


You could see a wight.

Vanquished Creatures
  A ball python (D:4)
1 creature vanquished.

Vanquished Creatures (others)
  6 plants (D:4)
6 creatures vanquished.

Grand Total: 7 creatures vanquished

Notes
Turn   | Place    | Note
-------+----------+-------------------------------------------
     0 | D:5      | Antediluvian the Formicid Delver began the quest for the
                  | Orb.
     0 | D:5      | Reached XP level 1. HP: 18/18 MP: 1/1
   112 | D:4      | Noticed a wight
   112 | D:4      | Noticed a wight
   124 | D:4      | Mangled by a wight

Illustrated notes

Levels and vault maps discovered:
D:4:      layout_loops_corners, serial_bayou, serial_bayou_lagoon_a,
          serial_bayou_pond_e, serial_bayou_pond_a, serial_bayou_pond_b,
          serial_bayou_pond_b, serial_bayou_shore_b,
          nicolae_ossuary_entry_false_entrances, kennysheep_path_1, uniq_duvessa
D:5:      layout_loops_ring, minmay_stone_trees_small

Action                   || total
-------------------------++-------
Melee: Mace              ||     5
 Abil: Dig               ||     1
Armor: Leather armour    ||     1
Dodge: Dodged            ||     7

Table legend: (Time is in decaauts)
 A = Elapsed time spent in this place.
 B = Non-inter-level travel time spent in this place.
 C = Inter-level travel time spent in this place.
 D = Time resting spent in this place.
 E = Time spent auto-exploring this place.
 F = Levels seen in this place.
 G = Mean time per level.
                   A        B        C        D        E       F      G
               +--------+--------+--------+--------+--------+-----+--------+
         Total |    125 |    125 |      0 |      0 |     57 |   2 |   62.5 |
       Dungeon |    125 |    125 |      0 |      0 |     57 |   2 |   62.5 |
               +--------+--------+--------+--------+--------+-----+--------+

Top non-repeatable levels by time:
     D:4: 67 daAuts
     D:5: 58 daAuts
